cohdb
Replays
Latest Replays
All Replays
Popular Replays
Top Player Replays
Match Explorer
How It Works
Community
CoH3 Stats
Reddit
Sign in to upload your games and track your stats! →
Sign in with Steam
Match 44443633
Unlisted
Match 44443633
Overview
Messages
Build Orders
End
Construct Weapon Support Center
Selects Heavy Weapons
Sniper
Bazooka Squad
Bazooka Squad
Improved M9 Bazooka Rockets
Sniper
Selects Assault Carriers
Construct Medical Station
Air Support Center
P-47 Dive Bomb
M3 Assault Carrier
M3 Assault Carrier
Selects Halftrack Strongpoints
Sniper
Double Sortie
Engineer Squad
P-47 Strafing Run
Scout Squad
Grasshopper Recon Run
M1919 Machine Gun Team
M3 Assault Carrier
Selects M2HB .50cal Heavy Machine Gun
Construct Tank Depot
P-47 Strafing Run
Sniper
Grasshopper Recon Run
P-47 Dive Bomb
Air Supremacy
Advanced Air Reconnaissance
Sniper
Grasshopper High-Altitude Recon Run
P-47 Dive Bomb
P-47 Strafing Run
Improved Aircraft Armor
P-47 Dive Bomb
M3 Assault Carrier
Grasshopper High-Altitude Recon Run
P-47 Dive Bomb
P-47 Strafing Run
P-47 Dive Bomb
Engineer Squad
Sniper
P-47 Strafing Run
Selects M26 Pershing Heavy Tank
M26 Pershing Heavy Tank
P-47 Dive Bomb
P-47 Strafing Run
Lifrathil
Mexidankus Bartholemewl
bastian_v228
阿里山捕蛙人
[SE:VH] Queiroz
Hoover
Joraad
Naiiz
0
0
Comments
sign in to comment!
No comments posted yet!